NULL
Full Scoreboard »»

Predators vs Flames

Created - January 1, 2024 at 21:58

Goals
1 2 3 T
Predators 0 0 2 2
Flames 0 3 1 4
Shots
1 2 3 T
Predators 10 10 9 29
Flames 10 14 15 39

GoalsPenalties
1st period
No Goal
No Penalty
2nd period
1. Flames , Elias Lindholm 4 (Claude Giroux 12, Jake DeBrusk 4) at 1:13
2. Flames , Jake DeBrusk 9 (Claude Giroux 13, Cale Makar 8) at 1:55 (PP)
3. Flames , Jake DeBrusk 10 (Claude Giroux 14, Evander Kane 4) at 6:35 (PP)
Juuso Valimaki (NAS) for Slashing (Minor) at 1:20
Dante Fabbro (NAS) for Holding (Minor) at 6:24
Andreas Johnsson (CGY) for Kneeing (Minor) at 7:35
Dante Fabbro (NAS) for Hooking (Minor) at 16:12
3rd period
4. Predators , Kirby Dach 7 (Connor McDavid 16, Juuso Valimaki 2) at 2:25
5. Flames , Andreas Johnsson 2 (Travis Dermott 2) at 9:48
6. Predators , Kirby Dach 8 (Connor McDavid 17) at 16:07 (PP)
Juuso Valimaki (NAS) for Interference (Minor) at 7:09
Brendan Gallagher (NAS) for Slashing (Minor) at 11:58
Evander Kane (CGY) for Holding (Minor) at 15:46
Brett Howden (NAS) for Checking from behind (Minor) at 16:30
Goalie Stats
Juuse Saros (NAS), 35 saves from 39 shots - (0.897), L, 2-5-0, 60:00 minutes
Jacob Markstrom (CGY), 27 saves from 29 shots - (0.931), W, 3-3-1, 60:00 minutes
3 StarsOfficial
1 - Jake DeBrusk (CGY)
2 - Claude Giroux (CGY)
3 - Kirby Dach (NAS)
Referees : Unknown
Linesman : Unknown
Game Note
Kris Russell is injured at 10:19 of 3rd period (Strained Right Knee)



Team Name Goals Shots Shots Attemp Shots Blocked PIM HIT PP PK FO%
Predators 22957912291 / 2 (50%)241%
Flames 4397284222 / 6 (33%)159%

Predators
Player Name POS G A P +/- PIM HIT SHT SB MP PP MP PP SHT PK MP PK SHT FO% FOT GA TA
Austin WatsonC/LW/RW000004007:370:0400:00050% 220
Brandon TanevLW/RW000-1054014:150:0400:0000% 100
Brendan GallagherLW/RW0001212014:471:0700:0000% 200
Brett HowdenC/RW000-1233113:280:0000:0000% 000
Connor McDavidC0221023019:011:0704:20038% 2600
Dante FabbroD0000430123:131:0004:0500% 001
Eric StaalC/LW/RW000001007:010:0000:0000% 000
Jakob ChychrunD000-1020021:231:2002:3300% 001
Jakub VranaLW/RW000-1012115:381:0900:0000% 020
Jimmy VeseyLW000000207:430:0400:0000% 000
John CarlsonD000-1033119:591:2001:0900% 001
Juuso ValimakiD0110422019:211:0001:4400% 000
Kirby DachC/RW2021005218:571:0724:20050% 200
Kris RussellD0000000116:050:0003:0500% 000
Mark PysykD0000011019:400:0004:4810% 012
Matias MaccelliLW/RW000-1011115:371:0910:0000% 010
Matthew BeniersC/LW000-1001119:421:0904:22038% 2101
Nic DowdC/RW000-1000017:450:0004:22053% 1701
Flames
Player Name POS G A P +/- PIM HIT SHT SB MP PP MP PP SHT PK MP PK SHT FO% FOT GA TA
Andreas JohnssonLW/RW1011204010:420:0000:000100% 110
Cale MakarD0110023422:464:3921:1000% 000
Claude GirouxC/RW0331023018:544:3001:13063% 800
Colton ParaykoD0000001121:464:0311:1000% 000
Dylan DeMeloD0000030121:464:0301:1000% 000
Elias LindholmC/LW/RW1011003018:134:1201:07055% 2931
Erik JohnsonD0000013122:464:3921:1000% 001
Evander KaneLW/RW011-1221018:034:3000:0000% 010
Jake DeBruskLW/RW2131023018:524:3021:130100% 100
Jonathon MerrillD0001010115:280:0000:0000% 002
Kyle TurrisC0001012010:130:0000:0000% 111
Luke GlendeningC/LW/RW0001010010:030:0000:00080% 500
Phil KesselLW/RW0000003011:500:0000:0000% 000
Pierre-Edouard BellemareC/LW/RW0000010011:500:0000:00063% 800
Steven StamkosC/LW/RW000-1017017:564:1210:00056% 1600
Travis DermottD0111030015:280:0000:0000% 000
Tyler ToffoliLW/RW000-1024019:024:1221:07050% 210
Walker DuehrRW0000002012:000:0000:0000% 001

Predators

5 vs 5 Forward
Line #Left WingCenterRight WingPHYDFOFWanted %Time %Time Play
1Brendan GallagherConnor McDavidKirby Dach1223029%14:06
2Matias MaccelliMatthew BeniersJakub Vrana1223030%14:29
3Brandon TanevNic DowdBrett Howden1223027%13:22
4Jimmy VeseyAustin WatsonEric Staal1221014%7:01
5 vs 5 Defense
Line #DefenseDefensePHYDFOFWanted %Time %Time Play
1John CarlsonJakob Chychrun1223535%16:58
2Dante FabbroJuuso Valimaki1223535%16:55
3Mark PysykKris Russell1223031%15:05
4John CarlsonJakob Chychrun12200%0:00
Power Play Forward
Line #Left WingCenterRight WingPHYDFOFWanted %Time %Time Play
1Brendan GallagherConnor McDavidKirby Dach1225048%1:07
2Matias MaccelliMatthew BeniersJakub Vrana1225052%1:13
Power Play Defense
Line #DefenseDefensePHYDFOFWanted %Time %Time Play
1John CarlsonJakob Chychrun1225057%1:20
2Dante FabbroJuuso Valimaki1225043%1:00
Penalty Kill 4 Players Forward
Line #CenterWingPHYDFOFWanted %Time %Time Play
1Connor McDavidKirby Dach1225050%4:20
2Matthew BeniersNic Dowd1225050%4:22
Penalty Kill 4 Players Defense
Line #DefenseDefensePHYDFOFWanted %Time %Time Play
1Kris RussellMark Pysyk1225059%5:09
2Dante FabbroJuuso Valimaki1225041%3:33
Penalty Kill 3 Players
Line #WingPHYDFOFWanted %Time %Time PlayDefenseDefensePHYDFOFWanted %Time %Time Play
1Connor McDavid122500%0:00 John CarlsonJakob Chychrun122500%0:00
2Kirby Dach122500%0:00 Dante FabbroJuuso Valimaki122500%0:00
4 vs 4 Forward
Line #CenterWingPHYDFOFWanted %Time %Time Play
1Nic DowdBrandon Tanev122500%0:00
2Brett HowdenAustin Watson122500%0:00
4 vs 4 Defense
Line #DefensePHYDFOFWanted %Time %Time Play
1John CarlsonJakob Chychrun122500%0:00
2Dante FabbroJuuso Valimaki122500%0:00
Last Minutes Offensive
Left WingCenterRight WingDefenseDefense
Matthew BeniersConnor McDavidKirby DachJohn CarlsonJakob Chychrun
Last Minutes Defensive
Left WingCenterRight WingDefenseDefense
Matthew BeniersConnor McDavidKirby DachJohn CarlsonJakob Chychrun
Time
Total ForwardTotal DefenseLast Minutes OffensiveLast Minutes Defensive
60:00 60:00 0:000:00
Extra Forwards
Normal PowerPlayPenalty Kill
Jakub Vrana, Jimmy Vesey, Matias MaccelliJakub Vrana, Jimmy VeseyMatias Maccelli
Extra Defensemen
Normal PowerPlayPenalty Kill
Mark Pysyk, Kris Russell, Dante FabbroMark Pysyk, Kris RussellDante Fabbro
Penalty Shots
Connor McDavid, Kirby Dach, Matthew Beniers, Nic Dowd, Brandon Tanev
Goalie
Juuse Saros, Jonathan Quick
Custom OT Lines Forwards
Connor McDavid, Kirby Dach, Matthew Beniers, Nic Dowd, Brandon Tanev, Brendan Gallagher, Jakub Vrana, Jimmy Vesey, Matias Maccelli, Brett Howden
Custom OT Lines Defensemen
John Carlson, Jakob Chychrun, Dante Fabbro, Juuso Valimaki, Mark Pysyk
Scratches
Drake Caggiula (Healthy), Jordie Benn (Healthy), Jonathan Bernier (Healthy)

Flames

5 vs 5 Forward
Line #Left WingCenterRight WingPHYDFOFWanted %Time %Time Play
1Jake DeBruskElias LindholmClaude Giroux1133028%13:41
2Tyler ToffoliSteven StamkosEvander Kane1132727%13:24
3Phil KesselPierre-Edouard BellemareWalker Duehr1222524%11:50
4Kyle TurrisLuke GlendeningAndreas Johnsson1221821%10:03
5 vs 5 Defense
Line #DefenseDefensePHYDFOFWanted %Time %Time Play
1Cale MakarErik Johnson1223535%16:57
2Colton ParaykoDylan DeMelo1313334%16:33
3Jonathon MerrillTravis Dermott1313232%15:28
4Cale MakarColton Parayko12200%0:00
Power Play Forward
Line #Left WingCenterRight WingPHYDFOFWanted %Time %Time Play
1Tyler ToffoliElias LindholmSteven Stamkos1135048%4:12
2Jake DeBruskClaude GirouxEvander Kane1135052%4:30
Power Play Defense
Line #DefenseDefensePHYDFOFWanted %Time %Time Play
1Cale MakarErik Johnson1135053%4:39
2Dylan DeMeloColton Parayko1135047%4:03
Penalty Kill 4 Players Forward
Line #CenterWingPHYDFOFWanted %Time %Time Play
1Claude GirouxJake DeBrusk1315052%1:13
2Elias LindholmTyler Toffoli1315048%1:07
Penalty Kill 4 Players Defense
Line #DefenseDefensePHYDFOFWanted %Time %Time Play
1Erik JohnsonCale Makar1315050%1:10
2Dylan DeMeloColton Parayko1315050%1:10
Penalty Kill 3 Players
Line #WingPHYDFOFWanted %Time %Time PlayDefenseDefensePHYDFOFWanted %Time %Time Play
1Jake DeBrusk131500%0:00 Cale MakarDylan DeMelo131500%0:00
2Elias Lindholm131500%0:00 Erik JohnsonColton Parayko131500%0:00
4 vs 4 Forward
Line #CenterWingPHYDFOFWanted %Time %Time Play
1Steven StamkosClaude Giroux122500%0:00
2Elias LindholmJake DeBrusk122500%0:00
4 vs 4 Defense
Line #DefensePHYDFOFWanted %Time %Time Play
1Cale MakarErik Johnson122500%0:00
2Dylan DeMeloColton Parayko122500%0:00
Last Minutes Offensive
Left WingCenterRight WingDefenseDefense
Jake DeBruskClaude GirouxSteven StamkosCale MakarColton Parayko
Last Minutes Defensive
Left WingCenterRight WingDefenseDefense
Jake DeBruskClaude GirouxElias LindholmCale MakarColton Parayko
Time
Total ForwardTotal DefenseLast Minutes OffensiveLast Minutes Defensive
60:00 60:00 0:000:00
Extra Forwards
Normal PowerPlayPenalty Kill
Elias Lindholm, Steven Stamkos, Tyler ToffoliClaude Giroux, Evander KaneElias Lindholm
Extra Defensemen
Normal PowerPlayPenalty Kill
Colton Parayko, Cale Makar, Erik JohnsonColton Parayko, Colton ParaykoErik Johnson
Penalty Shots
Steven Stamkos, Jake DeBrusk, Cale Makar, Evander Kane, Tyler Toffoli
Goalie
Jacob Markstrom, Jeremy Swayman
Custom OT Lines Forwards
Claude Giroux, Evander Kane, Elias Lindholm, Phil Kessel, Jake DeBrusk, Walker Duehr, Steven Stamkos, Andreas Johnsson, Tyler Toffoli, Pierre-Edouard Bellemare
Custom OT Lines Defensemen
Cale Makar, Erik Johnson, Colton Parayko, Jonathon Merrill, Dylan DeMelo
Scratches
Anders Bjork (Healthy), Ronald Attard (Healthy)


Play-by-Play

1st period


0:01 of 1st period - Claude Giroux wins face-off versus Brendan Gallagher in neutral zone.
0:26 of 1st period - Jakob Chychrun is hit by Erik Johnson and loses puck.
0:37 of 1st period - Slapshot by Connor McDavid.
0:37 of 1st period - Stopped by Jacob Markstrom without a rebound.
0:38 of 1st period - Steven Stamkos wins face-off versus Matthew Beniers in Flames zone.
1:05 of 1st period - Colton Parayko is hit by Dante Fabbro and loses puck.
1:14 of 1st period - Nic Dowd is hit by Kyle Turris and loses puck.
1:31 of 1st period - Snap shot by Phil Kessel.
1:31 of 1st period - Stopped by Juuse Saros without a rebound.
1:32 of 1st period - Elias Lindholm wins face-off versus Matthew Beniers in Predators zone.
1:57 of 1st period - Mark Pysyk is hit by Travis Dermott and loses puck.
2:49 of 1st period - Erik Johnson is hit by Austin Watson.
3:11 of 1st period - Slapshot by Steven Stamkos.
3:11 of 1st period - Stopped by Juuse Saros with a rebound.
3:45 of 1st period - Pierre-Edouard Bellemare is hit by Brandon Tanev and loses puck.
4:14 of 1st period - Off-side.
4:15 of 1st period - Elias Lindholm wins face-off versus Connor McDavid in neutral zone.
5:07 of 1st period - Slapshot by Austin Watson.
5:07 of 1st period - Shot Misses the Net.
5:21 of 1st period - Mark Pysyk is hit by Luke Glendening and loses puck.
5:46 of 1st period - Slapshot by Brandon Tanev.
5:46 of 1st period - Shot Misses the Net.
5:56 of 1st period - Wrist shot by Brandon Tanev.
5:56 of 1st period - Deflect By Brett Howden.
5:56 of 1st period - Stopped by Jacob Markstrom with a rebound.
5:58 of 1st period - Snap shot by Nic Dowd.
5:58 of 1st period - Shot Blocked by Cale Makar.
6:00 of 1st period - Snap shot by Nic Dowd.
6:00 of 1st period - Shot Blocked by Cale Makar.
6:02 of 1st period - Wrist shot by Brandon Tanev.
6:02 of 1st period - Shot Blocked by Cale Makar.
6:06 of 1st period - Wrist shot by Brandon Tanev.
6:06 of 1st period - Stopped by Jacob Markstrom without a rebound.
6:07 of 1st period - Elias Lindholm wins face-off versus Matthew Beniers in Flames zone.
6:24 of 1st period - John Carlson is hit by Jake DeBrusk and loses puck.
7:21 of 1st period - Cale Makar is hit by Jakob Chychrun.
7:37 of 1st period - Juuso Valimaki is hit by Jake DeBrusk and loses puck.
7:54 of 1st period - Wrist shot by Steven Stamkos.
7:54 of 1st period - Stopped by Juuse Saros with a rebound.
7:56 of 1st period - Wrist shot by Evander Kane.
7:56 of 1st period - Deflect By Steven Stamkos.
7:56 of 1st period - Shot Blocked by Kirby Dach.
7:56 of 1st period - Puck is out of play.
7:57 of 1st period - Connor McDavid wins face-off versus Steven Stamkos in Predators zone.
8:08 of 1st period - Snap shot by Steven Stamkos.
8:08 of 1st period - Stopped by Juuse Saros with a rebound.
8:41 of 1st period - Wrist shot by Steven Stamkos.
8:41 of 1st period - Stopped by Juuse Saros without a rebound.
8:42 of 1st period - Matthew Beniers wins face-off versus Elias Lindholm in Predators zone.
9:09 of 1st period - Luke Glendening is hit by Brandon Tanev and loses puck.
9:34 of 1st period - Wrist shot by Phil Kessel.
9:34 of 1st period - Shot Misses the Net.
9:48 of 1st period - Snap shot by Jakub Vrana.
9:48 of 1st period - Shot Misses the Net.
9:50 of 1st period - Snap shot by Matias Maccelli.
9:50 of 1st period - Shot Misses the Net.
9:52 of 1st period - Slapshot by Dante Fabbro.
9:52 of 1st period - Deflect By Matthew Beniers.
9:52 of 1st period - Shot Blocked by Jonathon Merrill.
9:52 of 1st period - Puck is out of play.
9:53 of 1st period - Matthew Beniers wins face-off versus Steven Stamkos in Flames zone.
10:00 of 1st period - Slapshot by John Carlson.
10:00 of 1st period - Deflect By Jakub Vrana.
10:00 of 1st period - Shot Misses the Net.
10:00 of 1st period - Puck is out of play.
10:01 of 1st period - Steven Stamkos wins face-off versus Nic Dowd in Flames zone.
10:16 of 1st period - Evander Kane is hit by Brett Howden and loses puck.
10:24 of 1st period - Icing by Erik Johnson.
10:25 of 1st period - Matthew Beniers wins face-off versus Elias Lindholm in Flames zone.
11:31 of 1st period - Wrist shot by Tyler Toffoli.
11:31 of 1st period - Shot Blocked by John Carlson.
12:17 of 1st period - Slapshot by Cale Makar.
12:17 of 1st period - Deflect By Brendan Gallagher.
12:17 of 1st period - Stopped by Juuse Saros without a rebound.
12:18 of 1st period - Jake DeBrusk wins face-off versus Nic Dowd in Predators zone.
12:18 of 1st period - Jake DeBrusk is hit by Brandon Tanev.
12:22 of 1st period - Snap shot by Claude Giroux.
12:22 of 1st period - Shot Misses the Net.
12:24 of 1st period - Snap shot by Elias Lindholm.
12:24 of 1st period - Shot Misses the Net.
12:26 of 1st period - Slapshot by Jonathon Merrill.
12:26 of 1st period - Deflect By Claude Giroux.
12:26 of 1st period - Shot Misses the Net.
12:26 of 1st period - Puck is out of play.
12:27 of 1st period - Nic Dowd wins face-off versus Elias Lindholm in Predators zone.
13:01 of 1st period - Icing by Travis Dermott.
13:02 of 1st period - Elias Lindholm wins face-off versus Connor McDavid in Flames zone.
13:13 of 1st period - Snap shot by Claude Giroux.
13:13 of 1st period - Shot Misses the Net.
13:15 of 1st period - Backhand shot by Elias Lindholm.
13:15 of 1st period - Shot Misses the Net.
13:17 of 1st period - Snap shot by Claude Giroux.
13:17 of 1st period - Shot Misses the Net.
13:19 of 1st period - Wrist shot by Jake DeBrusk.
13:19 of 1st period - Stopped by Juuse Saros without a rebound.
13:20 of 1st period - Matthew Beniers wins face-off versus Kyle Turris in Predators zone.
13:54 of 1st period - Snap shot by Jakub Vrana.
13:54 of 1st period - Shot Misses the Net.
13:56 of 1st period - Slapshot by Mark Pysyk.
13:56 of 1st period - Deflect By Jakub Vrana.
13:56 of 1st period - Stopped by Jacob Markstrom without a rebound.
13:57 of 1st period - Connor McDavid wins face-off versus Pierre-Edouard Bellemare in Flames zone.
14:02 of 1st period - Snap shot by Connor McDavid.
14:02 of 1st period - Stopped by Jacob Markstrom with a rebound.
14:24 of 1st period - Cale Makar is hit by Juuso Valimaki and loses puck.
14:48 of 1st period - Slapshot by John Carlson.
14:48 of 1st period - Stopped by Jacob Markstrom without a rebound.
14:49 of 1st period - Austin Watson wins face-off versus Elias Lindholm in Flames zone.
15:18 of 1st period - Walker Duehr is hit by Connor McDavid and loses puck.
15:23 of 1st period - Wrist shot by Kirby Dach.
15:23 of 1st period - Shot Misses the Net.
15:45 of 1st period - Slapshot by Brett Howden.
15:45 of 1st period - Shot Misses the Net.
15:47 of 1st period - Snap shot by Juuso Valimaki.
15:47 of 1st period - Stopped by Jacob Markstrom with a rebound.
16:01 of 1st period - Snap shot by Tyler Toffoli.
16:01 of 1st period - Shot Blocked by Dante Fabbro.
16:03 of 1st period - Backhand shot by Steven Stamkos.
16:03 of 1st period - Shot Misses the Net.
16:56 of 1st period - Icing by Connor McDavid.
16:57 of 1st period - Steven Stamkos wins face-off versus Nic Dowd in Predators zone.
17:22 of 1st period - Snap shot by Jakub Vrana.
17:22 of 1st period - Deflect By Matthew Beniers.
17:22 of 1st period - Stopped by Jacob Markstrom without a rebound.
17:23 of 1st period - Pierre-Edouard Bellemare wins face-off versus Matthew Beniers in Flames zone.
17:23 of 1st period - Pierre-Edouard Bellemare is hit by Jakub Vrana.
17:29 of 1st period - Matthew Beniers is hit by Pierre-Edouard Bellemare and loses puck.
18:10 of 1st period - Jakob Chychrun is hit by Jonathon Merrill and loses puck.
18:29 of 1st period - Wrist shot by Kyle Turris.
18:29 of 1st period - Deflect By Andreas Johnsson.
18:29 of 1st period - Stopped by Juuse Saros with a rebound.
18:53 of 1st period - Wrist shot by Connor McDavid.
18:53 of 1st period - Shot Misses the Net.
18:55 of 1st period - Slapshot by Juuso Valimaki.
18:55 of 1st period - Stopped by Jacob Markstrom with a rebound.
18:57 of 1st period - Snap shot by Kirby Dach.
18:57 of 1st period - Stopped by Jacob Markstrom with a rebound.
19:17 of 1st period - Slapshot by John Carlson.
19:17 of 1st period - Shot Misses the Net.
19:38 of 1st period - Snap shot by Elias Lindholm.
19:38 of 1st period - Stopped by Juuse Saros without a rebound.
19:39 of 1st period - Pierre-Edouard Bellemare wins face-off versus Nic Dowd in Predators zone.
19:40 of 1st period - Snap shot by Cale Makar.
19:40 of 1st period - Shot Misses the Net.
19:42 of 1st period - Wrist shot by Phil Kessel.
19:42 of 1st period - Shot Blocked by Brett Howden.
19:44 of 1st period - Slapshot by Erik Johnson.
19:44 of 1st period - Stopped by Juuse Saros without a rebound.
19:45 of 1st period - Pierre-Edouard Bellemare wins face-off versus Connor McDavid in Predators zone.
Goals for this period are 0 for Predators vs 0 for Flames.
Shots for this period are 10 for Predators vs 10 for Flames.

2nd period


0:01 of 2nd period - Elias Lindholm wins face-off versus Matthew Beniers in neutral zone.
0:06 of 2nd period - Snap shot by Claude Giroux.
0:06 of 2nd period - Deflect By Jake DeBrusk.
0:06 of 2nd period - Shot Misses the Net.
0:06 of 2nd period - Puck is out of play.
0:07 of 2nd period - Elias Lindholm wins face-off versus Matthew Beniers in Predators zone.
0:33 of 2nd period - Snap shot by Matthew Beniers.
0:33 of 2nd period - Shot Misses the Net.
0:55 of 2nd period - Snap shot by Claude Giroux.
0:55 of 2nd period - Stopped by Juuse Saros with a rebound.
1:13 of 2nd period - Snap shot by Elias Lindholm.
1:13 of 2nd period - Goal by Elias Lindholm - Predators : 0 - Flames : 1.
1:14 of 2nd period - Steven Stamkos wins face-off versus Brendan Gallagher in neutral zone.
1:20 of 2nd period - Minor Penalty to Juuso Valimaki for Slashing.
1:21 of 2nd period - Elias Lindholm wins face-off versus Connor McDavid in Predators zone.
1:55 of 2nd period - Slapshot by Jake DeBrusk.
1:55 of 2nd period - Goal by Jake DeBrusk - Predators : 0 - Flames : 2.
1:56 of 2nd period - Nic Dowd wins face-off versus Pierre-Edouard Bellemare in neutral zone.
2:33 of 2nd period - Slapshot by Cale Makar.
2:33 of 2nd period - Deflect By Steven Stamkos.
2:33 of 2nd period - Shot Misses the Net.
2:33 of 2nd period - Puck is out of play.
2:34 of 2nd period - Luke Glendening wins face-off versus Matthew Beniers in Predators zone.
2:35 of 2nd period - Wrist shot by Kyle Turris.
2:35 of 2nd period - Stopped by Juuse Saros with a rebound.
2:59 of 2nd period - Connor McDavid is hit by Tyler Toffoli.
3:05 of 2nd period - Wrist shot by Tyler Toffoli.
3:05 of 2nd period - Shot Misses the Net.
3:25 of 2nd period - Snap shot by Tyler Toffoli.
3:25 of 2nd period - Stopped by Juuse Saros without a rebound.
3:26 of 2nd period - Pierre-Edouard Bellemare wins face-off versus Austin Watson in Predators zone.
3:26 of 2nd period - Pierre-Edouard Bellemare is hit by Dante Fabbro.
3:42 of 2nd period - Snap shot by Phil Kessel.
3:42 of 2nd period - Stopped by Juuse Saros without a rebound.
3:43 of 2nd period - Steven Stamkos wins face-off versus Nic Dowd in Predators zone.
3:43 of 2nd period - Steven Stamkos is hit by Brett Howden.
4:33 of 2nd period - Slapshot by Connor McDavid.
4:33 of 2nd period - Stopped by Jacob Markstrom without a rebound.
4:34 of 2nd period - Connor McDavid wins face-off versus Pierre-Edouard Bellemare in Flames zone.
4:37 of 2nd period - Snap shot by Kirby Dach.
4:37 of 2nd period - Stopped by Jacob Markstrom with a rebound.
4:39 of 2nd period - Snap shot by Brendan Gallagher.
4:39 of 2nd period - Stopped by Jacob Markstrom without a rebound.
4:40 of 2nd period - Luke Glendening wins face-off versus Connor McDavid in Flames zone.
4:44 of 2nd period - Cale Makar is hit by Juuso Valimaki and loses puck.
5:16 of 2nd period - Slapshot by Cale Makar.
5:16 of 2nd period - Deflect By Walker Duehr.
5:16 of 2nd period - Shot Misses the Net.
5:16 of 2nd period - Puck is out of play.
5:17 of 2nd period - Nic Dowd wins face-off versus Elias Lindholm in Predators zone.
5:17 of 2nd period - Nic Dowd is hit by Travis Dermott.
5:42 of 2nd period - Evander Kane is hit by Connor McDavid.
6:02 of 2nd period - Wrist shot by Phil Kessel.
6:02 of 2nd period - Stopped by Juuse Saros with a rebound.
6:04 of 2nd period - Slapshot by Jonathon Merrill.
6:04 of 2nd period - Shot Blocked by Matias Maccelli.
6:06 of 2nd period - Wrist shot by Walker Duehr.
6:06 of 2nd period - Shot Misses the Net.
6:08 of 2nd period - Slapshot by Jonathon Merrill.
6:08 of 2nd period - Deflect By Walker Duehr.
6:08 of 2nd period - Shot Blocked by Matthew Beniers.
6:08 of 2nd period - Puck is out of play.
6:09 of 2nd period - Nic Dowd wins face-off versus Elias Lindholm in Predators zone.
6:09 of 2nd period - Nic Dowd is hit by Dylan DeMelo.
6:19 of 2nd period - Slapshot by Elias Lindholm.
6:19 of 2nd period - Shot Misses the Net.
6:21 of 2nd period - Wrist shot by Claude Giroux.
6:21 of 2nd period - Stopped by Juuse Saros without a rebound.
6:22 of 2nd period - Connor McDavid wins face-off versus Steven Stamkos in Predators zone.
6:24 of 2nd period - Minor Penalty to Dante Fabbro for Holding.
6:25 of 2nd period - Connor McDavid wins face-off versus Claude Giroux in Predators zone.
6:35 of 2nd period - Slapshot by Jake DeBrusk.
6:35 of 2nd period - Goal by Jake DeBrusk - Predators : 0 - Flames : 3.
6:36 of 2nd period - Steven Stamkos wins face-off versus Connor McDavid in neutral zone.
6:41 of 2nd period - Slapshot by Evander Kane.
6:41 of 2nd period - Stopped by Juuse Saros without a rebound.
6:42 of 2nd period - Steven Stamkos wins face-off versus Connor McDavid in Predators zone.
7:15 of 2nd period - Wrist shot by Walker Duehr.
7:15 of 2nd period - Stopped by Juuse Saros without a rebound.
7:16 of 2nd period - Elias Lindholm wins face-off versus Nic Dowd in Predators zone.
7:19 of 2nd period - Wrist shot by Jake DeBrusk.
7:19 of 2nd period - Shot Hit the Post.
7:21 of 2nd period - Slapshot by Claude Giroux.
7:21 of 2nd period - Stopped by Juuse Saros without a rebound.
7:22 of 2nd period - Nic Dowd wins face-off versus Elias Lindholm in Predators zone.
7:22 of 2nd period - Nic Dowd is hit by Claude Giroux.
7:32 of 2nd period - Snap shot by Brett Howden.
7:32 of 2nd period - Stopped by Jacob Markstrom without a rebound.
7:33 of 2nd period - Luke Glendening wins face-off versus Matthew Beniers in Flames zone.
7:35 of 2nd period - Minor Penalty to Andreas Johnsson for Kneeing.
7:36 of 2nd period - Claude Giroux wins face-off versus Connor McDavid in Flames zone.
9:35 of 2nd period - Penalty to Andreas Johnsson is over, Andreas Johnsson is back on ice.
9:44 of 2nd period - Wrist shot by Brandon Tanev.
9:44 of 2nd period - Stopped by Jacob Markstrom with a rebound.
9:46 of 2nd period - Snap shot by Brandon Tanev.
9:46 of 2nd period - Stopped by Jacob Markstrom with a rebound.
12:06 of 2nd period - Snap shot by Andreas Johnsson.
12:06 of 2nd period - Stopped by Juuse Saros without a rebound.
12:07 of 2nd period - Andreas Johnsson wins face-off versus Matthew Beniers in Predators zone.
12:16 of 2nd period - Snap shot by Jakub Vrana.
12:16 of 2nd period - Shot Misses the Net.
12:32 of 2nd period - Connor McDavid is hit by Claude Giroux and loses puck.
12:57 of 2nd period - Travis Dermott is hit by Austin Watson and loses puck.
13:04 of 2nd period - Slapshot by Jimmy Vesey.
13:04 of 2nd period - Stopped by Jacob Markstrom without a rebound.
13:05 of 2nd period - Nic Dowd wins face-off versus Elias Lindholm in Flames zone.
13:08 of 2nd period - Wrist shot by Brett Howden.
13:08 of 2nd period - Shot Blocked by Dylan DeMelo.
13:41 of 2nd period - Matthew Beniers is hit by Tyler Toffoli and loses puck.
14:41 of 2nd period - Slapshot by John Carlson.
14:41 of 2nd period - Deflect By Claude Giroux.
14:41 of 2nd period - Stopped by Jacob Markstrom with a rebound.
14:43 of 2nd period - Snap shot by Brandon Tanev.
14:43 of 2nd period - Stopped by Jacob Markstrom without a rebound.
14:44 of 2nd period - Steven Stamkos wins face-off versus Connor McDavid in Flames zone.
15:00 of 2nd period - Snap shot by Brendan Gallagher.
15:00 of 2nd period - Stopped by Jacob Markstrom with a rebound.
15:07 of 2nd period - Icing by Jonathon Merrill.
15:08 of 2nd period - Nic Dowd wins face-off versus Elias Lindholm in Flames zone.
16:12 of 2nd period - Minor Penalty to Dante Fabbro for Hooking.
16:13 of 2nd period - Elias Lindholm wins face-off versus Connor McDavid in Predators zone.
16:16 of 2nd period - Wrist shot by Tyler Toffoli.
16:16 of 2nd period - Stopped by Juuse Saros without a rebound.
16:17 of 2nd period - Elias Lindholm wins face-off versus Connor McDavid in Predators zone.
16:42 of 2nd period - Dylan DeMelo is hit by Mark Pysyk and loses puck.
16:49 of 2nd period - Kirby Dach is hit by Dylan DeMelo and loses puck.
18:12 of 2nd period - Penalty to Dante Fabbro is over, Dante Fabbro is back on ice.
18:27 of 2nd period - Travis Dermott is hit by Dante Fabbro and loses puck.
18:38 of 2nd period - Jonathon Merrill is hit by Brandon Tanev and loses puck.
18:53 of 2nd period - Jonathon Merrill is hit by Austin Watson and loses puck.
19:45 of 2nd period - Matias Maccelli is hit by Cale Makar and loses puck.
19:58 of 2nd period - Claude Giroux is hit by John Carlson and loses puck.
Goals for this period are 0 for Predators vs 3 for Flames.
Shots for this period are 10 for Predators vs 14 for Flames.

3rd period


0:01 of 3rd period - Kirby Dach wins face-off versus Steven Stamkos in neutral zone.
0:04 of 3rd period - Colton Parayko is hit by Jakob Chychrun and loses puck.
0:29 of 3rd period - Off-side.
0:30 of 3rd period - Nic Dowd wins face-off versus Elias Lindholm in neutral zone.
1:05 of 3rd period - Snap shot by Connor McDavid.
1:05 of 3rd period - Shot Misses the Net.
1:45 of 3rd period - Slapshot by John Carlson.
1:45 of 3rd period - Stopped by Jacob Markstrom with a rebound.
2:07 of 3rd period - Wrist shot by Brandon Tanev.
2:07 of 3rd period - Shot Misses the Net.
2:25 of 3rd period - Snap shot by Kirby Dach.
2:25 of 3rd period - Goal by Kirby Dach - Predators : 1 - Flames : 3.
2:26 of 3rd period - Connor McDavid wins face-off versus Steven Stamkos in neutral zone.
2:28 of 3rd period - John Carlson is hit by Dylan DeMelo and loses puck.
2:39 of 3rd period - Snap shot by Tyler Toffoli.
2:39 of 3rd period - Shot Misses the Net.
2:53 of 3rd period - Dylan DeMelo is hit by John Carlson.
3:23 of 3rd period - Snap shot by Walker Duehr.
3:23 of 3rd period - Stopped by Juuse Saros with a rebound.
3:43 of 3rd period - Slapshot by Andreas Johnsson.
3:43 of 3rd period - Stopped by Juuse Saros without a rebound.
3:44 of 3rd period - Luke Glendening wins face-off versus Connor McDavid in Predators zone.
4:47 of 3rd period - Slapshot by Kyle Turris.
4:47 of 3rd period - Shot Blocked by Jakub Vrana.
5:03 of 3rd period - Erik Johnson is hit by Matias Maccelli and loses puck.
5:18 of 3rd period - Backhand shot by Matthew Beniers.
5:18 of 3rd period - Shot Misses the Net.
5:21 of 3rd period - Icing by Erik Johnson.
5:22 of 3rd period - Connor McDavid wins face-off versus Luke Glendening in Flames zone.
5:35 of 3rd period - Wrist shot by Kyle Turris.
5:35 of 3rd period - Stopped by Juuse Saros with a rebound.
5:37 of 3rd period - Wrist shot by Kyle Turris.
5:37 of 3rd period - Shot Misses the Net.
5:39 of 3rd period - Slapshot by Erik Johnson.
5:39 of 3rd period - Deflect By Andreas Johnsson.
5:39 of 3rd period - Shot Misses the Net.
5:39 of 3rd period - Puck is out of play.
5:40 of 3rd period - Steven Stamkos wins face-off versus Brandon Tanev in Predators zone.
5:49 of 3rd period - Snap shot by Steven Stamkos.
5:49 of 3rd period - Deflect By Tyler Toffoli.
5:49 of 3rd period - Shot Misses the Net.
5:49 of 3rd period - Puck is out of play.
5:50 of 3rd period - Nic Dowd wins face-off versus Tyler Toffoli in Predators zone.
6:02 of 3rd period - Kris Russell is hit by Travis Dermott and loses puck.
6:07 of 3rd period - Wrist shot by Brett Howden.
6:07 of 3rd period - Stopped by Jacob Markstrom without a rebound.
6:08 of 3rd period - Connor McDavid wins face-off versus Elias Lindholm in Flames zone.
6:44 of 3rd period - Snap shot by Tyler Toffoli.
6:44 of 3rd period - Shot Misses the Net.
6:46 of 3rd period - Snap shot by Steven Stamkos.
6:46 of 3rd period - Stopped by Juuse Saros with a rebound.
7:09 of 3rd period - Minor Penalty to Juuso Valimaki for Interference.
7:10 of 3rd period - Claude Giroux wins face-off versus Matthew Beniers in Predators zone.
7:28 of 3rd period - Slapshot by Connor McDavid.
7:28 of 3rd period - Shot Misses the Net.
7:30 of 3rd period - Slapshot by Mark Pysyk.
7:30 of 3rd period - Stopped by Jacob Markstrom without a rebound.
7:31 of 3rd period - Matthew Beniers wins face-off versus Steven Stamkos in Flames zone.
7:32 of 3rd period - Slapshot by Nic Dowd.
7:32 of 3rd period - Shot Blocked by Colton Parayko.
7:42 of 3rd period - Slapshot by Elias Lindholm.
7:42 of 3rd period - Shot Misses the Net.
7:46 of 3rd period - Snap shot by Steven Stamkos.
7:46 of 3rd period - Stopped by Juuse Saros with a rebound.
8:05 of 3rd period - Slapshot by Cale Makar.
8:05 of 3rd period - Shot Blocked by Kirby Dach.
8:23 of 3rd period - Steven Stamkos is hit by John Carlson and loses puck.
9:09 of 3rd period - Penalty to Juuso Valimaki is over, Juuso Valimaki is back on ice.
9:42 of 3rd period - Snap shot by Jakub Vrana.
9:42 of 3rd period - Stopped by Jacob Markstrom with a rebound.
9:48 of 3rd period - Wrist shot by Andreas Johnsson.
9:48 of 3rd period - Goal by Andreas Johnsson - Predators : 1 - Flames : 4.
9:49 of 3rd period - Connor McDavid wins face-off versus Elias Lindholm in neutral zone.
10:02 of 3rd period - Snap shot by Connor McDavid.
10:02 of 3rd period - Deflect By Brendan Gallagher.
10:02 of 3rd period - Shot Misses the Net.
10:02 of 3rd period - Puck is out of play.
10:03 of 3rd period - Tyler Toffoli wins face-off versus Nic Dowd in Flames zone.
10:08 of 3rd period - Kris Russell is hit by Evander Kane and loses puck.
10:19 of 3rd period - Backhand shot by Steven Stamkos.
10:19 of 3rd period - Shot Blocked by Kris Russell.
10:19 of 3rd period - Kris Russell from Predators is injured at 10:19 of 3rd period (Strained Right Knee).
10:20 of 3rd period - Elias Lindholm wins face-off versus Connor McDavid in Predators zone.
10:27 of 3rd period - Elias Lindholm is hit by Brendan Gallagher.
11:06 of 3rd period - Jakub Vrana is hit by Steven Stamkos and loses puck.
11:33 of 3rd period - Juuso Valimaki is hit by Evander Kane and loses puck.
11:48 of 3rd period - Wrist shot by Steven Stamkos.
11:48 of 3rd period - Deflect By Tyler Toffoli.
11:48 of 3rd period - Stopped by Juuse Saros without a rebound.
11:49 of 3rd period - Elias Lindholm wins face-off versus Connor McDavid in Predators zone.
11:56 of 3rd period - Wrist shot by Elias Lindholm.
11:56 of 3rd period - Stopped by Juuse Saros with a rebound.
11:58 of 3rd period - Minor Penalty to Brendan Gallagher for Slashing.
11:59 of 3rd period - Claude Giroux wins face-off versus Connor McDavid in Predators zone.
12:02 of 3rd period - Snap shot by Cale Makar.
12:02 of 3rd period - Stopped by Juuse Saros without a rebound.
12:03 of 3rd period - Claude Giroux wins face-off versus Connor McDavid in Predators zone.
12:08 of 3rd period - Slapshot by Cale Makar.
12:08 of 3rd period - Stopped by Juuse Saros with a rebound.
12:10 of 3rd period - Wrist shot by Erik Johnson.
12:10 of 3rd period - Stopped by Juuse Saros without a rebound.
12:11 of 3rd period - Elias Lindholm wins face-off versus Matthew Beniers in Predators zone.
12:40 of 3rd period - Snap shot by Jake DeBrusk.
12:40 of 3rd period - Shot Misses the Net.
12:42 of 3rd period - Snap shot by Evander Kane.
12:42 of 3rd period - Shot Misses the Net.
12:44 of 3rd period - Snap shot by Colton Parayko.
12:44 of 3rd period - Stopped by Juuse Saros without a rebound.
12:45 of 3rd period - Elias Lindholm wins face-off versus Matthew Beniers in Predators zone.
12:58 of 3rd period - Wrist shot by Tyler Toffoli.
12:58 of 3rd period - Stopped by Juuse Saros with a rebound.
13:10 of 3rd period - Matthew Beniers is hit by Cale Makar and loses puck.
13:58 of 3rd period - Penalty to Brendan Gallagher is over, Brendan Gallagher is back on ice.
14:35 of 3rd period - Andreas Johnsson is hit by Austin Watson and loses puck.
14:40 of 3rd period - Wrist shot by Jimmy Vesey.
14:40 of 3rd period - Stopped by Jacob Markstrom with a rebound.
14:56 of 3rd period - Snap shot by Steven Stamkos.
14:56 of 3rd period - Stopped by Juuse Saros without a rebound.
14:57 of 3rd period - Matthew Beniers wins face-off versus Steven Stamkos in Predators zone.
15:22 of 3rd period - Evander Kane is hit by Eric Staal and loses puck.
15:46 of 3rd period - Minor Penalty to Evander Kane for Holding.
15:47 of 3rd period - Matthew Beniers wins face-off versus Claude Giroux in Flames zone.
15:47 of 3rd period - Slapshot by John Carlson.
15:47 of 3rd period - Shot Misses the Net.
15:49 of 3rd period - Slapshot by Matthew Beniers.
15:49 of 3rd period - Deflect By Claude Giroux.
15:49 of 3rd period - Shot Blocked by Cale Makar.
15:49 of 3rd period - Puck is out of play.
15:50 of 3rd period - Matthew Beniers wins face-off versus Claude Giroux in Flames zone.
15:55 of 3rd period - Backhand shot by Matias Maccelli.
15:55 of 3rd period - Stopped by Jacob Markstrom with a rebound.
15:57 of 3rd period - Slapshot by Jakob Chychrun.
15:57 of 3rd period - Shot Blocked by Erik Johnson.
15:59 of 3rd period - Wrist shot by Jakub Vrana.
15:59 of 3rd period - Shot Misses the Net.
16:01 of 3rd period - Wrist shot by Jakob Chychrun.
16:01 of 3rd period - Deflect By Matthew Beniers.
16:01 of 3rd period - Shot Misses the Net.
16:01 of 3rd period - Puck is out of play.
16:02 of 3rd period - Connor McDavid wins face-off versus Elias Lindholm in Flames zone.
16:05 of 3rd period - Snap shot by Kirby Dach.
16:05 of 3rd period - Stopped by Jacob Markstrom with a rebound.
16:07 of 3rd period - Snap shot by Kirby Dach.
16:07 of 3rd period - Goal by Kirby Dach - Predators : 2 - Flames : 4.
16:08 of 3rd period - Pierre-Edouard Bellemare wins face-off versus Nic Dowd in neutral zone.
16:08 of 3rd period - Cale Makar is hit by Brandon Tanev and loses puck.
16:12 of 3rd period - Walker Duehr is hit by Brett Howden and loses puck.
16:30 of 3rd period - Minor Penalty to Brett Howden for Checking from behind.
16:31 of 3rd period - Elias Lindholm wins face-off versus Matthew Beniers in Predators zone.
17:53 of 3rd period - Backhand shot by Erik Johnson.
17:53 of 3rd period - Stopped by Juuse Saros without a rebound.
17:54 of 3rd period - Elias Lindholm wins face-off versus Kirby Dach in Predators zone.
18:30 of 3rd period - Penalty to Brett Howden is over, Brett Howden is back on ice.
Goals for this period are 2 for Predators vs 1 for Flames.
Shots for this period are 9 for Predators vs 15 for Flames.